 Dungeon Crawl Stone Soup version 0.31-a0-437-g7cee417757 (webtiles) character file.

Game seed: 17860151363183728142

56 JustPassedBy the Digger (level 3, -1/15 HPs)
             Began as a Felid Earth Elementalist on Aug 2, 2023.
             Killed from afar by Sigmund (9 damage)
             ... with a puff of flame
             ... on level 2 of the Dungeon.
             The game lasted 00:13:10 (1853 turns).

JustPassedBy the Digger (Felid Earth Elementalist)  Turns: 1853, Time: 00:13:10

Health: -1/15      AC:  1    Str:  4    XL:     3   Next: 69%
Magic:  7/7        EV: 22    Int: 18    God:
Gold:   121        SH:  0    Dex: 16    Spells: 0/6 levels left
                                        Lives:  0   Deaths: 0

rFire   . . .        (weapon unavailable)
rCold   . . .        (shield unavailable)
rNeg    . . .        (body armour unavailable)
rPois   .            (helmet unavailable)
rElec   .            (cloak unavailable)
rCorr   .            (gloves unavailable)
SInv    +            (boots unavailable)
Will    .....        (no amulet)
Stlth   ++           m - +5 ring of evasion
HPRegen 0.22/turn    (no ring)
MPRegen 0.10/turn

%: no passive effects
@: beast-form, quick
A: beast (slay +0), very small, claws 1, fangs 3, see invisible, speed 1, shaggy
fur 1, stealthy paws, no weapons or thrown items, no armour, multi-lived
a: Begin Untransformation


You were on level 2 of the Dungeon.
You were a hulking beast.
You visited 1 branch of the dungeon, and saw 2 of its levels.

You collected 121 gold pieces.

Inventory:

Jewellery
 m - a +5 ring of evasion (left paw)
Talismans
 d - a beast talisman (active)
Scrolls
 h - a scroll of identify {unknown}
 i - a scroll of fog {unknown}
 j - 2 scrolls of noise {unknown}
 k - a scroll of torment {unknown}
 l - a scroll of immolation {unknown}
 n - a scroll of vulnerability {unknown}
Potions
 a - 2 potions of magic
 b - a potion of brilliance {unknown}
 c - a potion of heal wounds {unknown}
 e - a potion of curing {unknown}
 f - a potion of mutation {unknown}
 g - 2 potions of might {unknown}


   Skills:
 * Level 1.2 Fighting
 + Level 2.8 Dodging
 + Level 3.0 Stealth
 + Level 0.1 Unarmed Combat
 + Level 2.4 Spellcasting
 * Level 0.6 Conjurations
 * Level 1.8 Transmutations
 + Level 3.0 Earth Magic


You couldn't memorise any spells.
You knew the following spells:

 Your Spells              Type           Power      Damage    Failure   Level
a - Sandblast             Erth           26%        2d8       4%          1
b - Stone Arrow           Conj/Erth      16%        3d8       24%         3
c - Passwall              Tmut/Erth      9%         N/A       10%         2

Your spell library contained the following spells:

 Spells                   Type           Power      Damage    Failure   Level
 Momentum Strike          Conj/Tloc      6%         3d8       22%         2
 Blink                    Tloc           4%         N/A       26%         2
 Lesser Beckoning         Tloc           4%         N/A       26%         2
 Petrify                  Tmut/Erth      11%        N/A       52%         4


Dungeon Overview and Level Annotations

Branches:
Dungeon (2/15)

Altars:

Shops:
D:2 :

Annotations:
D:2 Sigmund


Innate Abilities, Weirdness & Mutations

You are a hulking beast.
Your limbs bulge with bestial killing power. (Slay +0)
You have sharp claws.
You have razor-sharp teeth.
You have supernaturally acute eyesight. (SInv)
You cover ground quickly. (Speed+)
You are covered in fur. (AC +1)
Your paws help you pounce on unaware monsters.
You are incapable of wielding weapons or throwing items.
You cannot wear armour.
You gain extra lives every three experience levels.


Message History

Robin draws strength from your wounds!
You scratch Robin but do no damage. You bite Robin.
Robin is severely wounded.
Robin completely misses you.
You scratch Robin but do no damage. Your bite misses Robin.
Robin is severely wounded.
Robin barely misses you.
You scratch Robin but do no damage.
Robin is severely wounded.
Robin hits you with a +2 vampiric short sword.
Robin draws strength from your wounds!
Casting: Sandblast (safe; 4% risk of failure)
Confirm with . or Enter, or press ? or * to list all spells.
The spell is astonishingly dangerous to miscast (26% risk of failure)!
Continue anyway?
Aiming: Stone Arrow (astonishingly dangerous; 26% risk of failure)
Press: ? - help, Shift-Dir - straight line, f/p - Robin
Aim: Robin, wielding a +2 vampiric short sword, wearing a +1 animal skin and wearing a +0 helmet (heavily wounded, 74% to hit)
The stone arrow hits Robin!
Robin is almost dead.
Casting: Stone Arrow (astonishingly dangerous; 26% risk of failure)
Confirm with . or Enter, or press ? or * to list all spells.
Aiming: Sandblast (safe; 4% risk of failure)
Press: ? - help, Shift-Dir - straight line, f/p - Robin
Aim: Robin, wielding a +2 vampiric short sword, wearing a +1 animal skin and wearing a +0 helmet (almost dead, 87% to hit)
The blast of sand hits Robin.
You kill Robin!
Things that are here:
a +2 vampiric short sword; a +1 animal skin; a +0 helmet HP restored.
Magic restored.
There is a stone staircase leading down here.
n - a scroll labelled MOLILIO WOSOUH Sigmund shouts!
Sigmund gestures at you while chanting. You resist with some effort.
Sigmund zaps a wand.
The puff of flame hits you!
Ouch! That really hurt!
Sigmund zaps a wand.
The puff of flame hits you!
Ouch! That really hurt!
You die...

### #.# #.######
#....... #.######
#.# ## #.#
#.######### #.#
#......h..# #.#
#@#######.####
#.# #. #.....#
#.# #@ #.....#
#.# #. #.....#
#.# #. #.....#
#.# #. #.....#
#.# #.
#.....####.######
#...............#


You could see Sigmund.

Vanquished Creatures
  Robin (D:2)
  A dart slug (D:1)
  4 endoplasms (D:1)
  2 giant cockroaches (D:1)
  9 goblins
  5 hobgoblins
  4 ball pythons
  4 bats
  2 frilled lizards
  2 kobolds (D:1)
  5 rats
39 creatures vanquished.

Notes
Turn   | Place    | Note
-------+----------+-------------------------------------------
     0 | D:1      | JustPassedBy the Felid Earth Elementalist began the quest
                  | for the Orb.
     0 | D:1      | Reached XP level 1. HP: 7/7 MP: 4/4
   257 | D:1      | Reached XP level 2. HP: 12/12 MP: 1/6
  1003 | D:2      | Reached skill level 1 in Fighting
  1003 | D:2      | Reached XP level 3. HP: 15/15 MP: 5/7
  1007 | D:2      | Learned a level 3 spell: Stone Arrow
  1022 | D:2      | Found Nits's Vocational Training.
  1097 | D:2      | Learned a level 2 spell: Passwall
  1147 | D:2      | Noticed Robin
  1641 | D:2      | Noticed Sigmund
  1717 | D:2      | Killed Robin
  1853 | D:2      | Killed from afar by Sigmund

Illustrated notes

Levels and vault maps discovered:
D:1:      nzn_arrival_water_spiral, layout_loops_ring, grunt_decor_clamped,
          minmay_stone_trees_medium, hangedman_decor_riveting
D:2:      layout_basic, nicolae_shop_vocational, uniq_robin, uniq_sigmund

Skill      XL: |  1  2  3 |
---------------+----------+-----
Earth Magic    | 3 |  3.0
Fighting       | 1 |  1.2
Stealth        | 3 |  3.0
Dodging        | |  2.8
Unarmed Combat | |  0.1
Spellcasting   | |  2.4
Conjurations   | |  0.6
Transmutations | |  1.8

Action                     || total
---------------------------++-------
  Melee: Unarmed           ||    26
         Bite              ||     3
   Cast: Sandblast         ||    45
         Stone Arrow       ||     3
   Stab: Sleeping          ||     5
  Dodge: Dodged            ||    27
   Form: Beast             ||     1

Table legend: (Time is in decaauts)
 A = Elapsed time spent in this place.
 B = Non-inter-level travel time spent in this place.
 C = Inter-level travel time spent in this place.
 D = Time resting spent in this place.
 E = Time spent auto-exploring this place.
 F = Levels seen in this place.
 G = Mean time per level.
                   A        B        C        D        E       F      G
               +--------+--------+--------+--------+--------+-----+--------+
         Total |   1618 |   1582 |     36 |      0 |   1180 |   2 |  809.0 |
       Dungeon |   1618 |   1582 |     36 |      0 |   1180 |   2 |  809.0 |
               +--------+--------+--------+--------+--------+-----+--------+

Top non-repeatable levels by time:
     D:1: 921 daAuts
     D:2: 697 daAuts
